 Dungeon Crawl Stone Soup version 0.16.0-17-g811c1d7 (webtiles) character file.

78 maniek23 the Sneak (level 4, -2/31 HPs)
             Began as a Vampire Enchanter on Mar 21, 2015.
             Slain by an adder (3 damage)
             ... on level 3 of the Dungeon.
             The game lasted 00:05:10 (1849 turns).

maniek23 the Sneak (Vampire Enchanter)              Turns: 1849, Time: 00:05:11

Health: -2/31      AC:  5    Str:  7    XL:     4   Next: 15%
Magic:  1/7        EV: 13    Int: 18    God:
Gold:   122        SH:  0    Dex: 14    Spells: 2 memorised, 4 levels left

rFire  . . .     SeeInvis +     a - +1 dagger
rCold  . . .     Clarity  +     b - +2 robe
rNeg   + . .     SustAb   .     (no shield)
rPois  .         Gourm    .     (no helmet)
rElec  .         Spirit   .     (no cloak)
rCorr  .         Warding  .     (no gloves)
rMut   .         Stasis   .     m - +0 pair of boots (curse)
MR     .....                    i - amulet of clarity
Stlth  +++.......               (no ring)
                                (no ring)

@: not resistant to hostile enchantments, fairly stealthy
A: bottle blood, fangs 3, see invisible, unbreathing
a: Bat Form


You were on level 3 of the Dungeon.
You were not thirsty.

You visited 1 branch of the dungeon, and saw 3 of its levels.

You collected 122 gold pieces.

Inventory:

Hand weapons
 a - a +1 dagger (weapon)
 h - a +2 dagger of venom
Armour
 b - a +2 robe (worn)
 m - a cursed +0 pair of boots (worn)
Jewellery
 i - an amulet of clarity (around neck)
 j - an uncursed amulet of guardian spirit
Scrolls
 e - a scroll of random uselessness
 f - a scroll of amnesia
 n - 3 scrolls of enchant armour
 p - a scroll of identify {unknown}
Potions
 d - 8 potions of blood
 l - a potion of agility {unknown}
Books
 c - a book of Maledictions

   Spells                             Type                      Level
   a - Corona                         Hexes                        1
   b - Sure Blade                     Hexes/Charms                 2
   c - Ensorcelled Hibernation        Hexes/Ice                    2
   d - Confuse                        Hexes                        3
   e - Dazzling Spray                 Conjuration/Hexes            3
   f - Enslavement                    Hexes                        4


   Skills:
 + Level 0.6 Fighting
 + Level 1.3 Short Blades
 + Level 2.9 Dodging
 + Level 5.6 Stealth
 + Level 2.1 Spellcasting
 + Level 5.4 Hexes


You had 4 spell levels left.
You knew the following spells:

 Your Spells              Type           Power        Failure   Level  Hunger
a - Corona                Hex            ###....      1%          1    #......
b - Ensorcelled Hibernat  Hex/Ice        ##....       12%         2    ###....


Dungeon Overview and Level Annotations

Branches:
Dungeon (3/15)

Altars:
Dithmenos
Trog
Xom
Zin
The Shining One

Portals:
Sewer: D:3


Innate Abilities, Weirdness & Mutations

You can bottle blood from corpses.
You have razor-sharp teeth.
You have supernaturally acute eyesight.
You can survive without breathing.


Message History

Aiming: Ensorcelled Hibernation
Press: ? - help, Shift-Dir - straight line, f - adder
Aim: an adder (chance 50%)
The adder resists with some effort.
The adder closely misses you. The adder bites you but does no damage.
You closely miss the adder. The adder bites you but does no damage.
You hit the adder. You bite the adder.
The adder is moderately wounded.
The adder bites you.
* * * LOW HITPOINT WARNING * * *
You hit the adder but do no damage.
The adder is moderately wounded.
The adder bites you but does no damage.
You hit the adder.
The adder is severely wounded.
The adder bites you but does no damage. The adder bites you.
* * * LOW HITPOINT WARNING * * *
Drink which item? (? for menu, Esc to quit)
It was a potion of restore abilities.
You feel refreshed. The adder bites you.
You die...

#.##.)#####.#.#
#...........# #
####..#####.#.#
#..## #.#.######
#....###.........
##..........#####
####......#...#
#........†.########
#.##...........@..#
............##S##.#
#.#.#.......#≈≈S#.#
#.....###...#≈≈≈#.#
##... .....#≈∩≈#...
########..#≈≈≈#..##
#..#≈≈≈#..#
#..#####...
##......


You could see 2 adders.

Vanquished Creatures
  3 adders (D:3)
  A worm (D:3)
  3 orcs (D:3)
  A ball python (D:1)
  7 goblins
  4 hobgoblins
  3 quokkas
  7 bats
  3 giant geckos
  2 giant newts (D:1)
  3 kobolds
  5 rats
42 creatures vanquished.

Notes
Turn   | Place    | Note
--------------------------------------------------------------
     0 | D:1      | maniek23, the Vampire Enchanter, began the quest for the Orb.
     0 | D:1      | Reached XP level 1. HP: 13/13 MP: 3/3
   341 | D:1      | Reached XP level 2. HP: 19/19 MP: 4/4
   357 | D:1      | Learned a level 2 spell: Ensorcelled Hibernation
   995 | D:2      | Reached skill level 5 in Stealth
  1097 | D:2      | Reached skill level 5 in Hexes
  1127 | D:2      | Found a bloodstained altar of Trog.
  1133 | D:2      | Found a glowing golden altar of the Shining One.
  1136 | D:2      | Found a glowing silver altar of Zin.
  1138 | D:2      | Found a shadowy altar of Dithmenos.
  1139 | D:2      | Found a shimmering altar of Xom.
  1603 | D:3      | Reached XP level 3. HP: 21/24 MP: 6/6
  1799 | D:3      | Found a glowing drain.
  1832 | D:3      | Reached XP level 4. HP: 26/31 MP: 1/7
  1848 | D:3      | HP: 1/31 [adder (4)]
  1849 | D:3      | Slain by an adder

Action                   |  1- 3 |  4- 6 || total
-------------------------+-------+-------++-------
Melee: Dagger            |   105 |    14 ||   119
 Cast: Ensorcelled Hiber |     3 |     1 ||     4
  Use: Scroll            |     7 |       ||     7
       Potion            |       |     2 ||     2
 Stab: Sleeping          |     8 |       ||     8
  Eat: Corpse            |     7 |       ||     7
